 Dungeon Crawl Stone Soup version 0.31.0-12-g77e489cdc1 (webtiles) character file.

Game seed: 2163140353372903081

63 Gadfly the Trooper (level 4, 0/49 HPs)
             Began as an Oni Berserker on Feb 24, 2024.
             Was a Believer of Trog.
             Slain by Sigmund
             ... wielding a +0 scythe
              (9 damage)
             ... on level 2 of the Dungeon.
             The game lasted 00:02:40 (1470 turns).

Gadfly the Trooper (Oni Berserker)                  Turns: 1470, Time: 00:02:41

Health: 0/49       AC:  3    Str: 20 (21) XL:     4   Next: 10%
Magic:  4/4        EV: 10    Int:  5 (8)  God:    Trog [**....]
Gold:   88         SH:  0    Dex: 13 (16) Spells: 3/3 levels left

rFire   . . .        b - +0 dagger (elec)
rCold   . . .        (no shield)
rNeg    . . .        c - +0 robe
rPois   .            (helmet restricted)
rElec   .            (no cloak)
rCorr   .            (gloves unavailable)
SInv    .            (boots unavailable)
Will    .....        (no amulet)
Stlth   +            i - +6 ring of dexterity
HPRegen 0.28/turn    (no ring)
MPRegen 0.09/turn

%: no passive effects
@: no status effects
A: large, unfitting armour, horns 1, tough skin 1, double potion healing,
drunken brawling
a: Renounce Religion, Berserk, Trog's Hand


You were on level 2 of the Dungeon.
You worshipped Trog.
Trog was pleased with you.
You visited 1 branch of the dungeon, and saw 2 of its levels.

You collected 88 gold pieces.

Inventory:

Hand Weapons
 a - a +1 mace
 b - a +0 dagger of electrocution (weapon)
Armour
 c - a +0 robe (worn)
Jewellery
 i - a +6 ring of dexterity (left hand)
Potions
 d - a potion of curing {unknown}
 e - a potion of lignification {unknown}
 g - a potion of invisibility {unknown}
 h - a potion of mutation {unknown}
 j - a potion of heal wounds


   Skills:
 + Level 4.4 Fighting
 * Level 3.6 Maces & Flails
 * Level 1.4 Armour
 - Level 2.6 Dodging
 * Level 1.2 Evocations


You had 3 spell levels left.
You didn't know any spells.
Your spell library was empty.

Dungeon Overview and Level Annotations

Branches:
Dungeon (2/15)

Altars:

Annotations:
D:2 Sigmund


Innate Abilities, Weirdness & Mutations

You are too large for most types of armour.
You have a pair of small horns on your head.
You have tough skin. (AC +1)
You gain doubled healing and magic from potions.
Whenever you drink a healing potion, you attack all around you.


Message History

You are too confused!
You are too confused!
You are too confused!
You are too confused!
You are too confused!
You are too confused!
You are too confused!
You are too confused!
You are too confused!
You are too confused!
You are too confused!
You are too confused!
You are too confused!
You are too confused!
You are too confused!
You are too confused!
You are too confused!
You are too confused!
Unknown command.
You barely miss the quokka.
The quokka is moderately wounded.
The quokka twitches its whiskers.
The quokka bites you but does no damage.
Something hits you. The quokka closely misses you.
You hit the quokka. Your headbutt misses the quokka.
The quokka is severely wounded.
Something hits you!
* * * LOW HITPOINT WARNING * * *
The quokka barely misses you. The quokka attacks as it pursues you!
The quokka bites you.
* * * LOW HITPOINT WARNING * * *
You're too confused to move!
You feel less confused. The quokka bites you.
* * * LOW HITPOINT WARNING * * *
The quokka attacks as it pursues you! The quokka bites you.
* * * LOW HITPOINT WARNING * * *
Something hits you!
You die...

#.....# #####.##..# ##
#<#....#..# ####.
.########.#.#..#..####....
..........#.#..#..........
#####.............##..(..
#.#.......##..##.####
#.#######.#..........
#...@......>.........
#..r#####......#+#...
#...# ######......# #...#
#......' #...# #......#
#...# #......# #...#
#.......# #...# #.......#
#...# #.......#


You could see a quokka.

Vanquished Creatures
  An adder (D:2)
  3 dart slugs (D:1)
  A ribbon worm (D:2)
  7 endoplasms
  A giant cockroach (D:1)
  A goblin (D:2)
  5 hobgoblins
  2 jackals (D:1)
  3 kobolds (D:1)
  3 quokkas
  6 ball pythons (D:1)
  5 bats
  A frilled lizard (D:1)
  2 rats
41 creatures vanquished.

Notes
Turn   | Place    | Note
-------+----------+-------------------------------------------
     0 | D:1      | Gadfly the Oni Berserker began the quest for the Orb.
     0 | D:1      | Reached XP level 1. HP: 24/24 MP: 1/1
   105 | D:1      | Reached XP level 2. HP: 31/32 MP: 2/2
   301 | D:1      | Reached skill level 1 in Armour
   348 | D:1      | Reached XP level 3. HP: 36/39 MP: 3/3
   378 | D:1      | Reached ** piety under Trog
   492 | D:1      | Reached skill level 1 in Evocations
   690 | D:1      | Found a faded altar of an unknown god.
  1319 | D:2      | Reached XP level 4. HP: 46/49 MP: 4/4
  1451 | D:2      | Noticed Sigmund
  1470 | D:2      | Slain by Sigmund

Illustrated notes

Levels and vault maps discovered:
D:1:      lemuel_arrival_broad_hall, layout_loops_ring,
          chequers_ecumenical_altar_simple_redux, palyth_stone_intersect,
          minmay_heptomino_w4
D:2:      layout_basic, uniq_sigmund, uniq_natasha, uniq_crazy_yiuf_cottage

Skill      XL: |  1  2  3 |
---------------+----------+-----
Armour         | 1 |  1.4
Evocations     | 1 |  1.2
Fighting       | |  4.4
Maces & Flails | |  3.6
Dodging        | |  2.6

Action                     |  1- 3 |  4- 6 || total
---------------------------+-------+-------++-------
  Melee: Mace              |   102 |       ||   102
         Headbutt          |    11 |     6 ||    17
         Dagger            |     1 |    29 ||    30
         Punch             |     1 |       ||     1
    Use: Scroll            |     3 |       ||     3
         Potion            |     2 |       ||     2
   Stab: Sleeping          |     1 |       ||     1
 Armour: Animal skin       |    62 |       ||    62
         Robe              |    15 |    32 ||    47
  Dodge: Dodged            |    71 |    16 ||    87
